 Dungeon Crawl Stone Soup version 0.31-a0-788-ga445dbd2db (webtiles) character file.

Game seed: 16328656234356888450

11 Revguard the Trooper (level 2, -1/24 HPs)
             Began as a Demonspawn Berserker on Sept 18, 2023.
             Was a Follower of Trog.
             Slain by a kobold
             ... wielding a +0 dagger
              (3 damage)
             ... on level 1 of the Dungeon.
             The game lasted 00:00:27 (180 turns).

Revguard the Trooper (Demonspawn Berserker)          Turns: 180, Time: 00:00:28

Health: -1/24      AC:  2    Str: 17    XL:     2   Next: 17%
Magic:  2/2        EV: 12    Int:  8    God:    Trog [*.....]
Gold:   15         SH:  0    Dex: 12    Spells: 1/1 levels left

rFire   . . .        a - +0 hand axe
rCold   . . .        (no shield)
rNeg    . . .        b - +0 animal skin
rPois   .            (no helmet)
rElec   .            (no cloak)
rCorr   .            (no gloves)
SInv    .            (no boots)
Will    .....        (no amulet)
Stlth   +            (no ring)
HPRegen 0.24/turn    (no ring)
MPRegen 0.08/turn

%: no passive effects
@: no status effects
A: demonic magic 1
a: Renounce Religion, Berserk


You were on level 1 of the Dungeon.
You worshipped Trog.
Trog was aware of your devotion.
You visited 1 branch of the dungeon, and saw 1 of its levels.

You collected 15 gold pieces.

Inventory:

Hand Weapons
 a - a +0 hand axe (weapon)
Armour
 b - a +0 animal skin (worn)
Scrolls
 d - a scroll of identify {unknown}
Potions
 c - a potion of brilliance {unknown}


   Skills:
 * Level 3.1 Fighting
 * Level 2.9 Axes
 + Level 1.9 Armour
 + Level 1.9 Dodging
 + Level 0.4 Evocations


You had one spell level left.
You didn't know any spells.
Your spell library was empty.

Dungeon Overview and Level Annotations

Branches:
Dungeon (1/15)

Altars:


Innate Abilities, Weirdness & Mutations

Spells you cast may paralyse adjacent enemies.


Message History

Trog accepts your kill.
You barely miss the rat. You barely miss the kobold.
The rat closely misses you. The kobold hits you but does no damage.
The giant cockroach bites you. The rat closely misses you.
The kobold closely misses you.
The giant cockroach bites you but does no damage.
The rat bites you but does no damage. The kobold hits you with a +0 dagger.
The giant cockroach misses you. The rat barely misses you.
The kobold hits you but does no damage. The giant cockroach closely misses you.
The rat barely misses you. The kobold closely misses you.
The giant cockroach bites you but does no damage.
The giant cockroach bites you. The rat bites you.
The kobold hits you with a +0 dagger.
* * * LOW HITPOINT WARNING * * *
The giant cockroach closely misses you. The rat bites you but does no damage.
The kobold hits you but does no damage. The giant cockroach bites you.
* * * LOW HITPOINT WARNING * * *
The rat bites you.
* * * LOW HITPOINT WARNING * * *
The kobold barely misses you.
The giant cockroach bites you but does no damage.
The rat misses you. The kobold closely misses you.
The giant cockroach bites you but does no damage.
The rat twitches its whiskers.
The rat bites you but does no damage. The kobold hits you with a +0 dagger.
* * * LOW HITPOINT WARNING * * *
The giant cockroach bites you.
* * * LOW HITPOINT WARNING * * *
The giant cockroach completely misses you.
The rat closely misses you. The kobold hits you but does no damage.
The giant cockroach bites you.
* * * LOW HITPOINT WARNING * * *
The rat bites you but does no damage. The kobold closely misses you.
The giant cockroach closely misses you. The rat bites you but does no damage.
The kobold closely misses you. The giant cockroach bites you.
* * * LOW HITPOINT WARNING * * *
The rat closely misses you. The kobold hits you with a +0 dagger.
You die...

#######.####
............ ...
.#...#### #..
.###.### #.. .#
#...####### #.# .#
###.......###.# .#
#######...#.######
## #####.#).....#
#......@r....#
#.###.K#B....#
##.......#
##......# #.....#
## ......# .#
......# .# .......
.#


You could see a giant cockroach, a kobold and a rat.

Vanquished Creatures
  A giant cockroach (D:1)
  2 goblins (D:1)
  2 jackals (D:1)
  A kobold (D:1)
  3 frilled lizards (D:1)
  2 rats (D:1)
11 creatures vanquished.

Notes
Turn   | Place    | Note
-------+----------+-------------------------------------------
     0 | D:1      | Revguard the Demonspawn Berserker began the quest for the
                  | Orb.
     0 | D:1      | Reached XP level 1. HP: 18/18 MP: 1/1
   162 | D:1      | Gained mutation: Spells you cast may paralyse adjacent
                  | enemies. [demonic ancestry]
   162 | D:1      | Reached XP level 2. HP: 21/24 MP: 2/2
   180 | D:1      | Slain by a kobold

Illustrated notes

Levels and vault maps discovered:
D:1:      amcnicky_arrival_flooded_fountain, layout_basic, glass_columns_a

Action                     || total
---------------------------++-------
  Melee: Hand axe          ||    19
 Armour: Animal skin       ||    40
  Dodge: Dodged            ||    39

Table legend: (Time is in decaauts)
 A = Elapsed time spent in this place.
 B = Non-inter-level travel time spent in this place.
 C = Inter-level travel time spent in this place.
 D = Time resting spent in this place.
 E = Time spent auto-exploring this place.
 F = Levels seen in this place.
 G = Mean time per level.
                   A        B        C        D        E       F      G
               +--------+--------+--------+--------+--------+-----+--------+
         Total |    183 |    183 |      0 |      0 |    122 |   1 |  183.0 |
       Dungeon |    183 |    183 |      0 |      0 |    122 |   1 |  183.0 |
               +--------+--------+--------+--------+--------+-----+--------+

Top non-repeatable levels by time:
     D:1: 183 daAuts
